AoeStats
← wxm

Arena

510526988Analyzed
1v1 RM · 23h ago on Oct 1, 2026· 52m 50s· 2 players
Game mode
Random Map
Map size
Tiny (2 player)
Population
200
Speed
Normal
Resources
Standard
Victory
Conquest
Starting age
Dark Age
Ending age
Imperial Age
RankedLock teamsTeams togetherTeam positionsShared explorationLock speedFull tech treeHidden civsTurbo modeCheats
Victory
Defeat
🇫🇷 Spanish · France
475
+13
🇨🇳 Teutons · China
404
-13
Yomzii
11:55 Feudal Age
14:50 Wheelbarrow
15:26 Horse Collar
15:37 Double-Bit Axe
18:20 Castle Age
16:28 Gold Mining
19:32 Bow Saw
19:27 Heavy Plow
21:34 Thumb Ring
26:23 Padded Archer Armor
26:37 Bloodlines
28:38 Hand Cart
29:02 Leather Archer Armor
28:42 Fletching
28:55 Husbandry
30:11 Bodkin Arrow
30:41 Ballistics
35:13 Imperial Age
35:45 Masonry
35:24 Elite Conquistador
36:46 Conscription
37:22 Architecture
39:23 Ring Archer Armor
38:54 Bracer
41:18 Chemistry
40:19 Stone Mining
wxm
3:57 Loom
10:17 Feudal Age
10:54 Double-Bit Axe
10:53 Horse Collar
13:09 Wheelbarrow
16:02 Gold Mining
18:26 Castle Age
17:20 Forging
17:13 Scale Mail Armor
17:18 Fletching
18:34 Stone Mining
20:11 Iron Casting
19:32 Bodkin Arrow
19:50 Bow Saw
19:44 Heavy Plow
20:22 Stone Shaft Mining
22:15 Hand Cart
23:44 Man-at-Arms
27:58 Chain Mail Armor
27:39 Bodkin Arrow
33:44 Masonry
34:26 Bloodlines
34:30 Scale Barding Armor
34:18 Pikeman
38:24 Ironclad
39:10 Fortified Wall
43:03 Imperial Age
42:19 Ballistics
42:30 Chain Barding Armor
44:23 Crenellations
44:43 Hoardings
43:40 Sappers
44:49 Hoardings
44:37 Conscription
43:43 Capped Ram
44:50 Guilds
44:59 Cavalier
47:34 Chemistry
46:21 Arrowslits
49:55 Blast Furnace
49:31 Plate Barding Armor
49:26 Plate Mail Armor
Connection lost

Rejoining the realm…

Still unreachable

The connection could not be restored.

Session expired

The server has moved on; the page needs a fresh start.